 Dungeon Crawl Stone Soup version 0.26.0-9-gab577f9fc5 (webtiles) character file.

Game seed: 4107362555616546583

132 Marvel the Skirmisher (level 5, 0/57 HPs)
             Began as an Ogre Berserker on Jan 13, 2021.
             Was a Believer of Trog.
             Slain by a goblin
             ... wielding a +0 club
             ... led by Robin
              (7 damage)
             ... on level 3 of the Dungeon.
             The game lasted 00:02:25 (2699 turns).

Marvel the Skirmisher (Ogre Berserker)              Turns: 2699, Time: 00:02:26

Health: 0/57       AC:  5    Str: 22    XL:     5   Next: 15%
Magic:  5/5        EV: 10    Int:  8    God:    Trog [**....]
Gold:   130        SH:  0    Dex:  8    Spells: 4/4 levels left

rFire    . . .     SeeInvis .   a - +0 hand axe
rCold    . . .     Faith    .   (no shield)
rNeg     . . .     Spirit   .   b - +0 animal skin
rPois    .         Reflect  .   l - +2 hat
rElec    .         Harm     .   (no cloak)
rCorr    .         Rampage  .   (gloves unavailable)
Will     .....                  (boots unavailable)
Stlth    +.........             (no amulet)
HPRegen  0.19/turn              (no ring)
MPRegen  0.09/turn              (no ring)

@: no status effects
A: large, unfitting armour, tough skin 1
a: Renounce Religion, Berserk, Trog's Hand


You were on level 3 of the Dungeon.
You worshipped Trog.
Trog was pleased with you.
You visited 1 branch of the dungeon, and saw 3 of its levels.

You collected 130 gold pieces.

Inventory:

Hand Weapons
 a - a +0 hand axe (weapon)
Armour
 b - a +0 animal skin (worn)
 l - a +2 hat (worn)
Scrolls
 e - a scroll of fog {unknown}
 g - a scroll of immolation {unknown}
 h - a scroll of noise {unknown}
 j - 6 scrolls of identify {unknown}
 k - 2 scrolls of teleportation {unknown}
Potions
 c - 2 potions of resistance {unknown}
 d - a potion of brilliance {unknown}
 f - a potion of haste {unknown}
 i - a potion of curing {unknown}
 m - a potion of mutation {unknown}
 n - a potion of heal wounds {unknown}


   Skills:
 + Level 5.0 Fighting
 + Level 4.2 Axes
 + Level 3.6 Dodging
 + Level 0.2 Stealth


You had 4 spell levels left.
You didn't know any spells.
Your spell library was empty.

Dungeon Overview and Level Annotations

Branches:
Dungeon (3/15)

Altars:
Gozag
Makhleb
Uskayaw


Innate Abilities, Weirdness & Mutations

You are too large for most types of armour.
You have tough skin. (AC +1)


Message History

Robin closely misses you. The goblin hits you but does no damage.
You hit Robin.
You kill Robin!
Trog accepts your kill.
You hit the goblin. You hit the worm. The worm bites you!
The goblin hits you with a +0 club.
You slash the worm!
The worm is almost dead.
You hit the goblin. The worm bites you!
* * * LOW HITPOINT WARNING * * *
The goblin completely misses you.
You slash the worm!
You kill the worm!
Trog accepts your kill.
You hit the goblin. The goblin hits you with a +0 club.
* * * LOW HITPOINT WARNING * * *
You closely miss the goblin.
The goblin is severely wounded.
The goblin hits you with a +0 club!
You die...

#.# #.# ########
#.# ##
.......####.##
#.## #
#...†...##...#.##
#.####..#....$...
#.....[.)#......
#.#####.g)..# #.#
#.)@)## #.#
#.##....... ##.#
#>. .##.#.# #..#
#.< ## .# ###.###
...# # #.....#
#.## #.#.###.##.#
#.._..#....#####
###.#.#........


You could see a goblin (strong).

Vanquished Creatures
  Robin (D:3)
  4 adders
  2 worms
  3 dart slugs (D:1)
  2 leopard geckos
  A giant cockroach (D:1)
  16 goblins
  9 hobgoblins
  10 jackals
  A quokka (D:2)
  3 bats
  6 frilled lizards
  6 kobolds
  5 rats (D:1)
69 creatures vanquished.

Notes
Turn   | Place    | Note
-------+----------+-------------------------------------------
     0 | D:1      | Marvel the Ogre Berserker began the quest for the Orb.
     0 | D:1      | Reached XP level 1. HP: 24/24 MP: 1/1
   434 | D:1      | Reached XP level 2. HP: 22/32 MP: 2/2
   685 | D:1      | Reached XP level 3. HP: 34/40 MP: 3/3
   930 | D:1      | Reached ** piety under Trog
  1559 | D:2      | Noticed a +0 hand axe
  1559 | D:2      | Noticed a +0 hand axe
  1561 | D:2      | Found a hide-covered altar of Uskayaw.
  1657 | D:2      | Reached XP level 4. HP: 40/49 MP: 4/4
  2336 | D:2      | Found a burning altar of Makhleb.
  2654 | D:3      | Found an opulent altar of Gozag.
  2678 | D:3      | Reached skill level 5 in Fighting
  2682 | D:3      | Noticed Robin
  2692 | D:3      | Reached XP level 5. HP: 40/57 MP: 5/5
  2696 | D:3      | Killed Robin
  2699 | D:3      | Slain by a goblin

Illustrated notes

Levels and vault maps discovered:
D:1:      lightli_iron_boxes, layout_basic, grunt_decor_cap, minmay_tromino_v2
D:2:      layout_loops_ring, dancing_weapons_uskayaw, lightli_temple_of_fire
D:3:      layout_loops_ring, zin_treasury, okawaru_ov_weapons_minmay,
          nicolae_gozag_cash_rules_everything_around_me, uniq_robin

Skill      XL: |  1  2  3  4 |
---------------+-------------+-----
Dodging        | 3 |  3.6
Axes           | 4 |  4.2
Fighting       | 5 |  5.0
Stealth        | |  0.2

Action                   |  1- 3 |  4- 6 || total
-------------------------+-------+-------++-------
Melee: Hand axe          |   133 |    61 ||   194
 Stab: Sleeping          |     1 |       ||     1
Armor: Animal skin       |    48 |    27 ||    75
Dodge: Dodged            |    88 |    52 ||   140
